 Dungeon Crawl Stone Soup version 0.18-a0-1731-g08f49a8 (webtiles) character file.

1171 therodimus the Cudgeler (level 8, -10/74 HPs)
             Began as a Deep Dwarf Fighter on Apr 11, 2016.
             Was an Initiate of Makhleb.
             Killed from afar by an electric eel (11 damage)
             ... with a bolt of electricity
             ... on level 6 of the Dungeon.
             The game lasted 00:08:21 (5170 turns).

therodimus the Cudgeler (Deep Dwarf Fighter)        Turns: 5170, Time: 00:08:21

Health: -10/74     AC:  7    Str: 19    XL:     8   Next: 18%
Magic:  9/9        EV:  8    Int: 15    God:    Makhleb [......]
Gold:   255        SH:  9    Dex: 14    Spells: 0 memorised, 7 levels left

rFire  + + .     SeeInvis .     a - +0 flail
rCold  . . .     Gourm    .     C - +1 ring mail {rF+}
rNeg   . . .     Faith    .     c - +0 shield
rPois  .         Spirit   .     (no helmet)
rElec  .         Dismiss  .     y - +0 cloak (curse)
rCorr  .         Reflect  .     (no gloves)
SustAt .         Harm     .     (no boots)
MR     +....                    (no amulet)
Stlth  +.........               (no ring)
                                G - ring of protection from fire

@: brilliant, non-regenerating, somewhat resistant to hostile enchantments, very
unstealthy
A: damage resistance, recharge devices, sense surroundings 1, slow regeneration
3
a: Device Recharging, Renounce Religion


You were on level 6 of the Dungeon.
You worshipped Makhleb.
Makhleb was noncommittal.
You were hungry.

You visited 2 branches of the dungeon, and saw 7 of its levels.

You collected 255 gold pieces.

Inventory:

Hand Weapons
 a - a +0 flail (weapon)
 n - a +0 hunting sling
 z - a +0 morningstar
Missiles
 o - 26 sling bullets
Armour
 b - a +0 scale mail
 c - a +0 shield (worn)
 y - a cursed +0 cloak (worn)
 C - a +1 ring mail of fire resistance (worn)
Jewellery
 G - a ring of protection from fire (left hand)
Wands
 e - a wand of heal wounds (2/9)
 F - a wand of paralysis (10/24)
 H - a wand of acid (5/15)
 I - a wand of polymorph (5/24)
Scrolls
 h - 2 scrolls of magic mapping {unknown}
 i - 2 scrolls of enchant weapon {unknown}
 l - 8 scrolls of identify {unknown}
 q - a scroll of recharging {unknown}
 s - 3 scrolls of remove curse {unknown}
 t - 2 scrolls of immolation {unknown}
 u - a scroll of noise {unknown}
 x - a scroll of amnesia {unknown}
 E - 2 scrolls of fog {unknown}
Potions
 d - 2 potions of might
 g - a potion of cancellation {unknown}
 k - 2 potions of brilliance
 m - 2 potions of lignification {unknown}
 r - a potion of cure mutation {unknown}
 v - a potion of agility {unknown}
 w - 2 potions of heal wounds
 A - a potion of berserk rage {unknown}
 B - 4 potions of curing {unknown}
 D - a potion of flight {unknown}
Comestibles
 f - 5 bread rations
 j - 2 meat rations
 p - 3 beef jerkies


   Skills:
 + Level 5.3 Fighting
 * Level 7.9 Maces & Flails
 - Level 3.2 Armour
 - Level 3.2 Shields
 + Level 3.7 Evocations


You had 7 spell levels left.
You didn't know any spells.

Dungeon Overview and Level Annotations

Branches:
Dungeon (6/15)             Temple (1/1) D:6

Altars:
Ashenzari
Dithmenos
Elyvilon
Fedhas
Gozag
Kikubaaqudgha
Makhleb
Nemelex Xobeh
Pakellas
Qazlal
Ru
Sif Muna
Xom
Yredelemnul
Zin
The Shining One

Shops:
D:4 %


Innate Abilities, Weirdness & Mutations

You are resistant to damage.
You can recharge devices by infusing magical energy.
You passively map a small area around you.
You do not regenerate naturally.


Message History

No target in view!
No target in view!
No target in view!
An electric eel comes into view.
The electric eel shoots out a bolt of lightning at you!
The bolt of electricity hits you!
The electric eel shoots out a bolt of lightning at you!
The bolt of electricity hits you!
* * * LOW HITPOINT WARNING * * *
The electric eel shoots out a bolt of lightning at you!
The bolt of electricity hits you!
* * * LOW HITPOINT WARNING * * *
The electric eel shoots out a bolt of lightning at you!
The bolt of electricity hits you!
* * * LOW HITPOINT WARNING * * *
The bolt of electricity hits you!
* * * LOW HITPOINT WARNING * * *
The electric eel shoots out a bolt of lightning at you!
The bolt of electricity hits you!
You die...

#.##.....#.##......#
* +.....#.##...⌠..# *
,#.......##......#
,#...######.⌠.>.⌠#, ,
* #...* ##.....#,, ,
###########..⌠..# * ,
.............#, + , *
#############.## , *
, .......@.......#
#.#########..#######
*, *
....................
,
....................,
,
.?.≈.≈≈..≈≈..≈≈≈≈.≈.,
,
≈≈≈;≈≈≈≈;≈≈≈≈≈≈≈≈≈≈≈
≈
≈≈≈≈≈≈≈≈≈≈≈≈≈≈≈≈≈≈≈≈≈
≈≈≈≈≈#####≈≈≈≈≈≈≈≈≈≈
≈ ≈≈≈≈≈ ###########


You could see an electric eel.

Vanquished Creatures
  The ghost of kelbaugc the Sneak, an amateur VSAs of Zin (D:4)
  Duvessa (D:5)
  A sky beast (D:5)
  An ice beast (D:6)
  An ogre (D:4)
  Dowan (D:5)
  A scorpion (D:5)
  A crimson imp (D:6)
  A hound (D:4)
  2 orc priests
  4 orc wizards
  2 iguanas (D:5)
  Ijyb (D:3)
  2 worker ants (D:4)
  A worker ant zombie (D:5)
  5 adders
  An ooze (D:1)
  2 adder skeletons
  4 worms
  3 dart slugs
  5 giant geckos
  16 orcs
  4 giant cockroaches
  11 goblins
  6 hobgoblins
  9 kobolds
  2 quokkas
  A ball python (D:3)
  6 bats
  2 giant newts
  23 rats
121 creatures vanquished.

Notes
Turn   | Place    | Note
--------------------------------------------------------------
     0 | D:1      | therodimus the Deep Dwarf Fighter began the quest for the Orb.
     0 | D:1      | Reached XP level 1. HP: 20/20 MP: 1/1
   281 | D:1      | Reached XP level 2. HP: 22/27 MP: 2/2
   648 | D:2      | Reached skill level 3 in Maces & Flails
   670 | D:2      | Reached XP level 3. HP: 14/34 MP: 3/3
  1224 | D:2      | Reached XP level 4. HP: 23/42 MP: 4/4
  1624 | D:3      | Reached skill level 4 in Maces & Flails
  1651 | D:3      | You fall through a shaft for 2 floors!
  1651 | D:5      | Entered Level 5 of the Dungeon
  1724 | D:4      | Found a shadowy altar of Dithmenos.
  1754 | D:4      | Noticed kelbaugc's ghost (amateur VSAs)
  1782 | D:4      | Killed kelbaugc's ghost
  1782 | D:4      | Reached skill level 5 in Maces & Flails
  1782 | D:4      | Reached XP level 5. HP: 21/50 MP: 5/5
  1822 | D:4      | Reached XP level 6. HP: 16/57 MP: 6/6
  2627 | D:4      | Reached skill level 6 in Maces & Flails
  2654 | D:4      | Found Qaetathro's Food Emporium.
  2864 | D:4      | Found a blossoming altar of Fedhas.
  2864 | D:4      | Found a glowing golden altar of the Shining One.
  3229 | D:3      | Noticed Ijyb
  3248 | D:3      | Killed Ijyb
  3397 | D:3      | Reached XP level 7. HP: 34/66 MP: 6/6
  3493 | D:3      | Reached skill level 1 in Evocations
  3656 | D:5      | Found an oddly glowing altar of Pakellas.
  4516 | D:5      | Reached skill level 5 in Fighting
  4516 | D:5      | Reached skill level 7 in Maces & Flails
  4694 | D:5      | Noticed Duvessa
  4694 | D:5      | Noticed Dowan
  4708 | D:5      | Killed Duvessa
  4727 | D:5      | Killed Dowan
  4727 | D:5      | Reached XP level 8. HP: 11/74 MP: 9/9
  4921 | D:4      | Found a shattered altar of Ashenzari.
  4998 | D:6      | Found a staircase to the Ecumenical Temple.
  5006 | Temple   | Entered the Ecumenical Temple
  5014 | Temple   | Became a worshipper of Makhleb the Destroyer
  5169 | D:6      | HP: 1/74 [electric eel/bolt of electricity (8)]
  5170 | D:6      | Killed from afar by an electric eel

Vault maps used:
D:1:      lemuel_arrival_cross
D:2:      first_bread, minmay_rat_hole
D:3:      st_stairs_14, uniq_iyjb
D:4:      lemuel_upstairs_altar, lemuel_crystal_altar,
          gammafunk_temple_overflow_pools, serial_shops, kennysheep_mini_moat
D:5:      old_standard_altar, gup_sewer_entry_pipe, roderic_roman_lattice,
          uniq_duvessa
D:6:      minmay_goblin_kobold_castle, cheibrodos_worm_habitat,
          vehumet_crystals, temple_fountains
Temple:   circular_temple_12

Skill      XL: |  1  2  3  4  5  6  7 |
---------------+----------------------+-----
Fighting       | 3 4 5 |  5.3
Maces & Flails | 3 5 6 7 |  7.9
Evocations     | 3 |  3.7
Armour         | |  3.2
Shields        | |  3.2

Action                   |  1- 3 |  4- 6 |  7- 9 || total
-------------------------+-------+-------+-------++-------
Melee: Flail             |   164 |   206 |   171 ||   541
 Fire: Hunting sling     |    12 |       |       ||    12
 Abil: Device Recharging |       |     1 |       ||     1
Evoke: Wand              |     1 |     5 |     2 ||     8
  Use: Potion            |       |     1 |     2 ||     3
  Eat: Chunk             |     1 |     8 |     5 ||    14
